Colorado Rockies vs Nashville Predators
Created - Friday, November 29, 2024 at 09:08
Goals
|
| Colorado Rockies |
1 |
2 |
2 |
0 |
0 |
5 |
| Nashville Predators |
0 |
1 |
4 |
0 |
1 |
6 |
|
Shots
|
| Colorado Rockies |
13 |
13 |
14 |
0 |
4 |
40 |
| Nashville Predators |
7 |
9 |
20 |
0 |
4 |
36 |
|
1st period
1. Colorado Rockies , Ryan O'Reilly 13 (Nikita Kucherov 49) at 18:55
Penalties :
No Penalty
2nd period
2. Colorado Rockies , Jesper Bratt 35 (Nikita Zadorov 19, Nikita Kucherov 50) at 16:58 (PP)
3. Colorado Rockies , Vince Dunn 3 (Quinn Hughes 24, Jesper Bratt 45) at 18:00 (PP)
4. Nashville Predators , Brett Leason 14 (Alexander Wennberg 27, Max Pacioretty 35) at 19:10
Penalties :
Vince Dunn (COL) for Hooking (Minor) at 5:47, Trevor Zegras (NSH) for Tripping (Minor) at 10:14, Ben Chiarot (NSH) for Tripping (Minor) at 16:17, Mattias Samuelsson (NSH) for Interference (Minor) at 17:42
3rd period
5. Colorado Rockies , Ryan O'Reilly 14 (Nikita Kucherov 51, Kyle Palmieri 12) at 1:26
6. Nashville Predators , Trevor Zegras 24 (Tyson Foerster 26, Alexander Wennberg 28) at 8:34
7. Nashville Predators , Thomas Novak 23 (Pius Suter 28) at 8:48
8. Nashville Predators , Leo Carlsson 30 (Brandon Montour 30, Max Pacioretty 36) at 13:59
9. Colorado Rockies , Nikita Kucherov 46 (Victor Hedman 17) at 14:11
10. Nashville Predators , Jack Drury 14 (Alexander Wennberg 29, Brett Leason 14) at 16:54
Penalties :
Brandon Montour (NSH) for Tripping (Minor) at 2:20, Mattias Samuelsson (NSH) for Tripping (Minor) at 6:19, Trevor Zegras (NSH) for Tripping (Minor) at 9:19
Overtime #1
No Goal
Penalties :
No Penalty
Shootout
Colorado Rockies, Nikita Kucherov - Stopped by Semyon Varlamov
Nashville Predators, Leo Carlsson - Stopped by Daniil Tarasov
Colorado Rockies, David Pastrnak - Stopped by Semyon Varlamov
Nashville Predators, Trevor Zegras - Shot Misses the Net
Colorado Rockies, Nick Bonino - Stopped by Semyon Varlamov
Nashville Predators, Tyson Foerster - Shot Misses the Net
Colorado Rockies, Jesper Bratt - Stopped by Semyon Varlamov
Nashville Predators, Pius Suter - Goal!
Penalties :
No Penalty
Goalie Stats
Daniil Tarasov (COL), 31 saves from 36 shots - (0.861), OTL, 12-14-4, 65:00 minutes
Semyon Varlamov (NSH), 35 saves from 40 shots - (0.875), W, 24-15-5, 65:00 minutes
Players Stats for Colorado Rockies
Player Name G A P +/- PIM S H SB GA TA FO MP PP MP PK MP
------------------------------------------------------------------------------------
Andrew Peeke 0 0 0 0 0 0 1 0 0 1 0/0 15:09 0:00 0:00
David Pastrnak 0 0 0 -2 0 4 2 0 0 0 1/2 21:04 4:30 0:51
Evgeny Kuznetsov 0 0 0 -1 0 1 0 0 0 0 0/0 7:54 0:00 0:00
Jesper Bratt 1 1 2 -2 0 2 0 2 0 0 0/3 19:11 4:25 1:08
Kevin Hayes 0 0 0 -1 0 1 0 0 0 0 4/7 8:34 0:00 0:00
Kyle Connor 0 0 0 -2 0 3 1 0 2 0 0/1 17:54 4:30 0:00
Kyle Palmieri 0 1 1 3 0 2 2 0 0 0 0/1 14:03 0:00 0:00
Martin Fehervary 0 0 0 -1 0 1 2 3 0 1 0/0 19:04 0:00 0:40
Michael Bunting 0 0 0 -2 0 4 1 0 1 0 0/0 13:41 0:00 0:00
Nick Bonino 0 0 0 -1 0 0 1 1 0 0 2/2 13:25 4:30 0:00
Nick Schmaltz 0 0 0 -2 0 1 0 0 1 0 3/11 15:40 0:00 0:00
Nikita Kucherov 1 3 4 3 0 5 1 1 1 1 1/2 21:24 4:25 0:51
Nikita Zadorov 0 1 1 -1 0 2 4 1 0 0 0/0 26:22 5:27 0:40
Quinn Hughes 0 1 1 -1 0 4 2 2 0 2 0/0 23:29 3:28 1:19
Ryan O'Reilly 2 0 2 3 0 3 2 1 1 1 4/11 21:27 4:25 0:47
Tim Stutzle 0 0 0 -2 0 2 0 0 0 0 7/21 13:39 0:00 0:21
Victor Hedman 0 1 1 -1 0 3 2 1 0 1 0/0 27:11 5:27 1:19
Vince Dunn 1 0 1 0 2 2 3 1 1 0 0/0 18:49 3:28 0:00
Players Stats for Nashville Predators
Player Name G A P +/- PIM S H SB GA TA FO MP PP MP PK MP
------------------------------------------------------------------------------------
Alexander Wennberg 0 3 3 0 0 2 1 0 1 0 0/0 17:58 0:55 4:04
Artem Zub 0 0 0 2 0 0 2 3 0 1 0/0 28:08 0:00 4:24
Ben Chiarot 0 0 0 2 2 1 1 3 0 0 0/0 26:55 0:55 4:31
Brandon Montour 0 1 1 1 2 6 3 2 0 0 0/0 22:58 1:04 0:57
Brett Leason 1 1 2 0 0 2 0 0 0 0 0/0 15:18 0:00 4:34
Colton Sissons 0 0 0 1 0 2 0 2 0 0 11/18 18:03 1:00 4:04
Jack Drury 1 0 1 0 0 2 0 0 0 0 7/14 10:46 0:04 0:00
Juuso Valimaki 0 0 0 -1 0 0 0 2 0 0 0/0 10:53 0:00 0:00
Leo Carlsson 1 0 1 1 0 2 2 0 2 0 1/1 14:03 1:04 0:00
Mattias Samuelsson 0 0 0 1 4 0 2 2 0 1 0/0 22:14 0:00 3:19
Max Pacioretty 0 2 2 1 0 0 1 0 1 1 0/1 12:53 1:00 0:12
Michael Carcone 0 0 0 0 0 2 2 0 0 0 0/0 14:15 0:04 0:00
Pius Suter 0 1 1 0 0 5 1 1 0 1 1/1 16:51 0:55 0:17
Ryan Johansen 0 0 0 1 0 1 2 0 0 0 7/9 12:11 0:00 0:00
Simon Benoit 0 0 0 -1 0 0 2 0 0 1 0/0 17:28 0:00 4:39
Thomas Novak 1 0 1 0 0 7 0 0 0 0 10/14 20:20 1:04 4:34
Trevor Zegras 1 0 1 1 4 2 0 1 2 0 0/0 14:23 0:55 0:05
Tyson Foerster 0 1 1 1 0 2 1 0 1 2 2/3 15:22 0:55 0:00
3 Stars
1 - Nikita Kucherov (COL)
2 - Ryan O'Reilly (COL)
3 - Alexander Wennberg (NSH)
Power Play
Colorado Rockies - 2 on 6 Attempt(s) - 33.33%
Nashville Predators - 0 on 1 Attempt(s) - 0.00%
Penalty Kill
Colorado Rockies - 1 on 1 Attempt(s) - 100.00%
- Score 0 goal in Penalty Kill
Nashville Predators - 4 on 6 Attempt(s) - 66.67%
- Score 0 goal in Penalty Kill
Team Stat
Colorado Rockies - Hits : 24 - Faceoff Wins : 22 - Blocked Shots : 13 - Penalty Minutes : 2
Nashville Predators - Hits : 20 - Faceoff Wins : 39 - Blocked Shots : 16 - Penalty Minutes : 12
Official
Referees : Marc Joannette and Tom Chmielewski
Linesman : Jonathan Deschamps and Ryan Galloway
Game Notes
5:37 of 2nd period - Nashville Predators goal is going for a video replay. After video review, No Goal. The net was displaced accidentally.
Finance
Level 1 -- Attendance: 4446 (74.10%) -- Ticket Income $444,600
Level 2 -- Attendance: 3973 (79.46%) -- Ticket Income $238,380
Level 3 -- Attendance: 2392 (79.73%) -- Ticket Income $83,720
Level 4 -- Attendance: 3428 (68.56%) -- Ticket Income $85,700
Luxury Box -- Attendance: 759 (75.90%) -- Ticket Income $151,800
Game was played at the Bridgestone Arena.
Total Attendance: 14998 (74.99%)
Total Ticket Income: $1,004,200
Other Income: $351,470
Total Income: $1,355,670
Colorado Rockies
5 vs 5 Forward
Center Left Wing Right Wing Time % Phy DF OF
1 Ryan O'Reilly Kyle Palmieri Nikita Kucherov 30 1 2 2
2 Tim Stutzle Kyle Connor David Pastrnak 30 1 2 2
3 Nick Schmaltz Jesper Bratt Michael Bunting 25 1 2 2
4 Kevin Hayes Nick Bonino Evgeny Kuznetsov 15 1 2 2
5 vs 5 Defense
Defense Defense Time % Phy DF OF
1 Victor Hedman Nikita Zadorov 35 1 2 2
2 Quinn Hughes Martin Fehervary 35 1 2 2
3 Vince Dunn Andrew Peeke 30 1 2 2
4 Andrew Peeke Vince Dunn 0 1 2 2
PowerPlay Forward
Center Left Wing Right Wing Time % Phy DF OF
1 Ryan O'Reilly Jesper Bratt Nikita Kucherov 50 1 2 2
2 Nick Bonino Kyle Connor David Pastrnak 50 1 2 2
PowerPlay Defense
Defense Defense Time % Phy DF OF
1 Vince Dunn Quinn Hughes 50 1 2 2
2 Nikita Zadorov Victor Hedman 50 1 2 2
Penalty Kill 4 Players Forward
Center Wing Time % Phy DF OF
1 Nikita Kucherov David Pastrnak 50 1 2 2
2 Ryan O'Reilly Jesper Bratt 50 1 2 2
Penalty Kill 4 Players Defense
Defense Defense Time % Phy DF OF
1 Victor Hedman Quinn Hughes 50 1 2 2
2 Nikita Zadorov Martin Fehervary 50 1 2 2
Penalty Kill - 3 Players Forward
Forward Time % Phy DF OF
1 Nikita Kucherov 50 1 2 2
2 David Pastrnak 50 1 2 2
Penalty Kill - 3 Players Defense
Defense Defense Time % Phy DF OF
1 Victor Hedman Quinn Hughes 50 1 2 2
2 Nikita Zadorov Martin Fehervary 50 1 2 2
4 vs 4 Forward
Center Wing Time % Phy DF OF
1 Ryan O'Reilly David Pastrnak 50 1 2 2
2 Nick Schmaltz Nikita Kucherov 50 1 2 2
4 vs 4 Defense
Defense Defense Time % Phy DF OF
1 Victor Hedman Quinn Hughes 50 1 2 2
2 Nikita Zadorov Martin Fehervary 50 1 2 2
Last Minutes Offensive
Center Left Wing Right Wing Defense Defense
Ryan O'Reilly Jesper Bratt Nikita Kucherov Victor Hedman Quinn Hughes
Last Minutes Defensive
Center Left Wing Right Wing Defense Defense
Ryan O'Reilly Jesper Bratt Nikita Kucherov Victor Hedman Quinn Hughes
Goaltenders
Starting : Daniil Tarasov
Backup : Joey Daccord
Extra Forwards
Normal : Nick Bonino, Kevin Hayes, Nikita Kucherov - PP : Nick Bonino, Kevin Hayes - PK : Nikita Kucherov
Extra Defensemen
Normal : Vince Dunn, Andrew Peeke, Nikita Zadorov - PP : Vince Dunn - PK : Andrew Peeke, Nikita Zadorov
Penalty Shots
Nikita Kucherov, David Pastrnak, Nick Bonino, Jesper Bratt, Ryan O'Reilly
Scratches
Jakub Vrana (Healthy)
Nashville Predators
5 vs 5 Forward
Center Left Wing Right Wing Time % Phy DF OF
1 Colton Sissons Max Pacioretty Leo Carlsson 27 0 2 3
2 Ryan Johansen Trevor Zegras Tyson Foerster 27 1 2 2
3 Thomas Novak Pius Suter Michael Carcone 25 0 2 3
4 Jack Drury Alexander Wennberg Brett Leason 21 0 2 3
5 vs 5 Defense
Defense Defense Time % Phy DF OF
1 Brandon Montour Mattias Samuelsson 40 1 2 2
2 Ben Chiarot Artem Zub 40 1 3 1
3 Simon Benoit Juuso Valimaki 15 1 3 1
4 Artem Zub Mattias Samuelsson 5 1 3 1
PowerPlay Forward
Center Left Wing Right Wing Time % Phy DF OF
1 Colton Sissons Max Pacioretty Leo Carlsson 50 1 1 3
2 Pius Suter Trevor Zegras Tyson Foerster 50 1 1 3
PowerPlay Defense
Defense Defense Time % Phy DF OF
1 Brandon Montour Thomas Novak 50 1 1 3
2 Ben Chiarot Alexander Wennberg 50 2 2 1
Penalty Kill 4 Players Forward
Center Wing Time % Phy DF OF
1 Colton Sissons Alexander Wennberg 50 1 2 2
2 Thomas Novak Brett Leason 50 1 2 2
Penalty Kill 4 Players Defense
Defense Defense Time % Phy DF OF
1 Artem Zub Mattias Samuelsson 50 2 3 0
2 Simon Benoit Ben Chiarot 50 1 3 1
Penalty Kill - 3 Players Forward
Forward Time % Phy DF OF
1 Colton Sissons 50 1 2 2
2 Alexander Wennberg 50 1 2 2
Penalty Kill - 3 Players Defense
Defense Defense Time % Phy DF OF
1 Artem Zub Mattias Samuelsson 50 1 2 2
2 Ben Chiarot Simon Benoit 50 1 2 2
4 vs 4 Forward
Center Wing Time % Phy DF OF
1 Colton Sissons Leo Carlsson 40 1 2 2
2 Tyson Foerster Alexander Wennberg 60 1 2 2
4 vs 4 Defense
Defense Defense Time % Phy DF OF
1 Brandon Montour Artem Zub 50 2 2 1
2 Simon Benoit Ben Chiarot 50 2 2 1
Last Minutes Offensive
Center Left Wing Right Wing Defense Defense
Colton Sissons Trevor Zegras Tyson Foerster Leo Carlsson Max Pacioretty
Last Minutes Defensive
Center Left Wing Right Wing Defense Defense
Colton Sissons Alexander Wennberg Ryan Johansen Artem Zub Mattias Samuelsson
Goaltenders
Starting : Semyon Varlamov
Backup : Anthony Stolarz
Extra Forwards
Normal : Pius Suter, Thomas Novak, Michael Carcone - PP : Thomas Novak, Pius Suter - PK : Brett Leason
Extra Defensemen
Normal : Brandon Montour, Ben Chiarot, Mattias Samuelsson - PP : Artem Zub - PK : Brandon Montour, Simon Benoit
Penalty Shots
Leo Carlsson, Trevor Zegras, Tyson Foerster, Pius Suter, Thomas Novak
Scratches
Kevin Labanc (Healthy), Zemgus Girgensons (Healthy), Parker Wotherspoon (Healthy), Mads Sogaard (Healthy), Samuel Ersson (Healthy)
% Time on Ice - Colorado Rockies
Lines # - Real PCT - Wanted PCT - Time Play
Normal Forward
1 - 29% - 30% - 14:02
2 - 28% - 30% - 13:36
3 - 28% - 25% - 13:34
4 - 16% - 15% - 7:54
Normal Defense
1 - 36% - 35% - 17:43
2 - 33% - 35% - 16:14
3 - 30% - 30% - 14:39
4 - 1% - 0% - 0:30
PP Forward
1 - 50% - 50% - 4:25
2 - 50% - 50% - 4:30
PP Defense
1 - 39% - 50% - 3:28
2 - 61% - 50% - 5:27
PK Forward
1 - 43% - 50% - 0:51
2 - 57% - 50% - 1:08
PK Defense
1 - 66% - 50% - 1:19
2 - 34% - 50% - 0:40
PK3 Forward
1 - 0% - 50%
2 - 0% - 50%
PK3 Defense
1 - 0% - 50%
2 - 0% - 50%
44 Forward
1 - 49% - 50% - 2:26
2 - 51% - 50% - 2:34
44 Defense
1 - 54% - 50% - 2:41
2 - 46% - 50% - 2:19
Last Minute Offensive - 0:00
Last Minute Defensive - 0:00
Total
Forward - 65:00
Defense - 65:00
|
% Time on Ice - Nashville Predators
Lines # - Real PCT - Wanted PCT - Time Play
Normal Forward
1 - 25% - 27% - 12:25
2 - 26% - 27% - 12:34
3 - 27% - 25% - 13:29
4 - 22% - 21% - 10:38
Normal Defense
1 - 37% - 40% - 18:16
2 - 39% - 40% - 19:16
3 - 21% - 15% - 10:08
4 - 3% - 5% - 1:26
PP Forward
1 - 54% - 50% - 1:04
2 - 46% - 50% - 0:55
PP Defense
1 - 54% - 50% - 1:04
2 - 46% - 50% - 0:55
PK Forward
1 - 48% - 50% - 4:16
2 - 52% - 50% - 4:39
PK Defense
1 - 49% - 50% - 4:24
2 - 51% - 50% - 4:31
PK3 Forward
1 - 0% - 50%
2 - 0% - 50%
PK3 Defense
1 - 0% - 50%
2 - 0% - 50%
44 Forward
1 - 25% - 40% - 1:14
2 - 75% - 60% - 3:46
44 Defense
1 - 55% - 50% - 2:46
2 - 45% - 50% - 2:14
Last Minute Offensive - 0:00
Last Minute Defensive - 0:00
Total
Forward - 65:00
Defense - 65:00
|
Play-by-Play
1st period
0:01 of 1st period - Colton Sissons wins face-off versus Ryan O'Reilly in neutral zone.
0:28 of 1st period - Slapshot by David Pastrnak.
0:28 of 1st period - Shot Blocked by Brandon Montour.
0:30 of 1st period - Slapshot by Martin Fehervary.
0:30 of 1st period - Shot Blocked by Brandon Montour.
1:18 of 1st period - Slapshot by Pius Suter.
1:18 of 1st period - Shot Blocked by Martin Fehervary.
1:40 of 1st period - Off-side.
1:41 of 1st period - Kevin Hayes wins face-off versus Jack Drury in neutral zone.
1:48 of 1st period - Slapshot by Kevin Hayes.
1:48 of 1st period - Stopped by Semyon Varlamov with a rebound.
2:16 of 1st period - Icing by Ben Chiarot.
2:17 of 1st period - Colton Sissons wins face-off versus Tim Stutzle in Nashville Predators zone.
2:24 of 1st period - Wrist shot by Kyle Connor.
2:24 of 1st period - Shot Blocked by Artem Zub.
2:28 of 1st period - Slapshot by David Pastrnak.
2:28 of 1st period - Shot Misses the Net.
2:30 of 1st period - Slapshot by Nikita Zadorov.
2:30 of 1st period - Stopped by Semyon Varlamov with a rebound.
2:32 of 1st period - Snap shot by Kyle Connor.
2:32 of 1st period - Shot Misses the Net.
3:18 of 1st period - Snap shot by Thomas Novak.
3:18 of 1st period - Shot Misses the Net.
4:35 of 1st period - Jesper Bratt is hit by Simon Benoit.
5:02 of 1st period - Kyle Connor is hit by Michael Carcone and loses puck.
5:24 of 1st period - Icing by Andrew Peeke.
5:25 of 1st period - Kevin Hayes wins face-off versus Jack Drury in Colorado Rockies zone.
5:54 of 1st period - Icing by Simon Benoit.
5:55 of 1st period - Ryan Johansen wins face-off versus Tim Stutzle in Nashville Predators zone.
5:55 of 1st period - Ryan Johansen is hit by Quinn Hughes.
6:25 of 1st period - Slapshot by Kyle Palmieri.
6:25 of 1st period - Stopped by Semyon Varlamov with a rebound.
7:12 of 1st period - Snap shot by Nikita Kucherov.
7:12 of 1st period - Shot Misses the Net.
8:07 of 1st period - Snap shot by Ryan O'Reilly.
8:07 of 1st period - Shot Blocked by Juuso Valimaki.
8:19 of 1st period - Wrist shot by Nikita Kucherov.
8:19 of 1st period - Stopped by Semyon Varlamov without a rebound.
8:20 of 1st period - Tim Stutzle wins face-off versus Colton Sissons in Nashville Predators zone.
8:23 of 1st period - Wrist shot by David Pastrnak.
8:23 of 1st period - Stopped by Semyon Varlamov without a rebound.
8:24 of 1st period - David Pastrnak wins face-off versus Max Pacioretty in Nashville Predators zone.
8:39 of 1st period - Wrist shot by Colton Sissons.
8:39 of 1st period - Stopped by Daniil Tarasov without a rebound.
8:40 of 1st period - Nick Schmaltz wins face-off versus Jack Drury in Colorado Rockies zone.
9:07 of 1st period - David Pastrnak is hit by Leo Carlsson and loses puck.
9:54 of 1st period - Snap shot by Michael Carcone.
9:54 of 1st period - Stopped by Daniil Tarasov without a rebound.
9:55 of 1st period - Jack Drury wins face-off versus Nick Schmaltz in Colorado Rockies zone.
9:56 of 1st period - Wrist shot by Alexander Wennberg.
9:56 of 1st period - Shot Misses the Net.
10:28 of 1st period - Wrist shot by David Pastrnak.
10:28 of 1st period - Stopped by Semyon Varlamov with a rebound.
10:30 of 1st period - Wrist shot by Nikita Zadorov.
10:30 of 1st period - Shot Misses the Net.
10:32 of 1st period - Slapshot by Victor Hedman.
10:32 of 1st period - Shot Blocked by Ben Chiarot.
11:04 of 1st period - Martin Fehervary is hit by Artem Zub and loses puck.
11:39 of 1st period - Brandon Montour is hit by Andrew Peeke and loses puck.
11:46 of 1st period - Wrist shot by Nikita Kucherov.
11:46 of 1st period - Stopped by Semyon Varlamov without a rebound.
11:47 of 1st period - Tim Stutzle wins face-off versus Colton Sissons in Nashville Predators zone.
12:20 of 1st period - Snap shot by Brett Leason.
12:20 of 1st period - Stopped by Daniil Tarasov with a rebound.
12:22 of 1st period - Slapshot by Jack Drury.
12:22 of 1st period - Shot Blocked by Nikita Zadorov.
12:52 of 1st period - Andrew Peeke is hit by Ryan Johansen and loses puck.
13:01 of 1st period - Slapshot by Nikita Kucherov.
13:01 of 1st period - Shot Misses the Net.
13:06 of 1st period - Icing by Tyson Foerster.
13:07 of 1st period - Ryan Johansen wins face-off versus Tim Stutzle in Nashville Predators zone.
13:16 of 1st period - Snap shot by Kyle Connor.
13:16 of 1st period - Shot Blocked by Juuso Valimaki.
14:06 of 1st period - Slapshot by Victor Hedman.
14:06 of 1st period - Stopped by Semyon Varlamov without a rebound.
14:07 of 1st period - Jack Drury wins face-off versus Tim Stutzle in Nashville Predators zone.
14:45 of 1st period - Snap shot by Tim Stutzle.
14:45 of 1st period - Stopped by Semyon Varlamov without a rebound.
14:46 of 1st period - Nick Schmaltz wins face-off versus Colton Sissons in Nashville Predators zone.
14:49 of 1st period - Wrist shot by Jesper Bratt.
14:49 of 1st period - Shot Blocked by Colton Sissons.
14:51 of 1st period - Wrist shot by Michael Bunting.
14:51 of 1st period - Stopped by Semyon Varlamov without a rebound.
14:52 of 1st period - Colton Sissons wins face-off versus Nick Schmaltz in Nashville Predators zone.
14:59 of 1st period - Snap shot by Colton Sissons.
14:59 of 1st period - Stopped by Daniil Tarasov with a rebound.
15:19 of 1st period - Andrew Peeke is hit by Brandon Montour and loses puck.
15:38 of 1st period - Snap shot by Michael Carcone.
15:38 of 1st period - Shot Blocked by Victor Hedman.
15:55 of 1st period - Icing by Brandon Montour.
15:56 of 1st period - Kevin Hayes wins face-off versus Ryan Johansen in Nashville Predators zone.
16:24 of 1st period - Wrist shot by Leo Carlsson.
16:24 of 1st period - Shot Misses the Net.
16:28 of 1st period - Wrist shot by Leo Carlsson.
16:28 of 1st period - Shot Blocked by Jesper Bratt.
16:30 of 1st period - Wrist shot by Colton Sissons.
16:30 of 1st period - Shot Blocked by Martin Fehervary.
16:32 of 1st period - Snap shot by Leo Carlsson.
16:32 of 1st period - Shot Misses the Net.
16:34 of 1st period - Slapshot by Brandon Montour.
16:34 of 1st period - Stopped by Daniil Tarasov with a rebound.
16:56 of 1st period - Wrist shot by David Pastrnak.
16:56 of 1st period - Shot Misses the Net.
17:06 of 1st period - Slapshot by Thomas Novak.
17:06 of 1st period - Stopped by Daniil Tarasov with a rebound.
17:14 of 1st period - Slapshot by Nikita Kucherov.
17:14 of 1st period - Shot Blocked by Ben Chiarot.
17:16 of 1st period - Slapshot by Nikita Kucherov.
17:16 of 1st period - Shot Misses the Net.
17:32 of 1st period - Snap shot by Tyson Foerster.
17:32 of 1st period - Shot Blocked by Nick Bonino.
17:34 of 1st period - Wrist shot by Tyson Foerster.
17:34 of 1st period - Shot Misses the Net.
17:36 of 1st period - Snap shot by Ryan Johansen.
17:36 of 1st period - Stopped by Daniil Tarasov with a rebound.
17:48 of 1st period - Wrist shot by Michael Bunting.
17:48 of 1st period - Stopped by Semyon Varlamov with a rebound.
18:31 of 1st period - Nikita Kucherov is hit by Mattias Samuelsson and loses puck.
18:48 of 1st period - Jack Drury is hit by Vince Dunn and loses puck.
18:55 of 1st period - Slapshot by Ryan O'Reilly.
18:55 of 1st period - Goal by Ryan O'Reilly - Colorado Rockies : 1 - Nashville Predators : 0.
18:56 of 1st period - Leo Carlsson wins face-off versus Nick Schmaltz in neutral zone.
18:59 of 1st period - Wrist shot by Colton Sissons.
18:59 of 1st period - Shot Misses the Net.
19:32 of 1st period - Snap shot by Nikita Kucherov.
19:32 of 1st period - Stopped by Semyon Varlamov with a rebound.
Goals for this period are 1 for Colorado Rockies vs 0 for Nashville Predators.
Shots for this period are 13 for Colorado Rockies vs 7 for Nashville Predators.
2nd period
0:01 of 2nd period - Tim Stutzle wins face-off versus Thomas Novak in neutral zone.
0:09 of 2nd period - Off-side.
0:10 of 2nd period - Thomas Novak wins face-off versus Kyle Connor in neutral zone.
0:13 of 2nd period - Wrist shot by Michael Carcone.
0:13 of 2nd period - Shot Misses the Net.
0:15 of 2nd period - Slapshot by Michael Carcone.
0:15 of 2nd period - Deflect By Thomas Novak.
0:15 of 2nd period - Shot Misses the Net.
0:15 of 2nd period - Puck is out of play.
0:16 of 2nd period - Thomas Novak wins face-off versus Jesper Bratt in Colorado Rockies zone.
1:10 of 2nd period - Slapshot by Ryan O'Reilly.
1:10 of 2nd period - Shot Misses the Net.
1:12 of 2nd period - Wrist shot by Vince Dunn.
1:12 of 2nd period - Stopped by Semyon Varlamov with a rebound.
1:28 of 2nd period - Artem Zub is hit by Vince Dunn and loses puck.
1:54 of 2nd period - Nick Schmaltz is hit by Max Pacioretty and loses puck.
2:28 of 2nd period - Martin Fehervary is hit by Leo Carlsson and loses puck.
2:41 of 2nd period - Wrist shot by Jesper Bratt.
2:41 of 2nd period - Deflect By Nick Schmaltz.
2:41 of 2nd period - Shot Blocked by Artem Zub.
2:41 of 2nd period - Puck is out of play.
2:42 of 2nd period - Thomas Novak wins face-off versus Tim Stutzle in Nashville Predators zone.
2:47 of 2nd period - Wrist shot by Pius Suter.
2:47 of 2nd period - Stopped by Daniil Tarasov with a rebound.
2:57 of 2nd period - Thomas Novak is hit by David Pastrnak and loses puck.
3:13 of 2nd period - Martin Fehervary is hit by Ryan Johansen and loses puck.
3:28 of 2nd period - Snap shot by Jack Drury.
3:28 of 2nd period - Stopped by Daniil Tarasov without a rebound.
3:29 of 2nd period - Nick Bonino wins face-off versus Jack Drury in Colorado Rockies zone.
3:59 of 2nd period - Wrist shot by Tim Stutzle.
3:59 of 2nd period - Stopped by Semyon Varlamov with a rebound.
4:05 of 2nd period - Snap shot by Thomas Novak.
4:05 of 2nd period - Stopped by Daniil Tarasov with a rebound.
4:23 of 2nd period - Wrist shot by Tyson Foerster.
4:23 of 2nd period - Stopped by Daniil Tarasov without a rebound.
4:24 of 2nd period - Jack Drury wins face-off versus Kyle Palmieri in Colorado Rockies zone.
5:04 of 2nd period - Brandon Montour is hit by Martin Fehervary and loses puck.
5:16 of 2nd period - Michael Carcone is hit by Martin Fehervary and loses puck.
5:33 of 2nd period - Snap shot by Thomas Novak.
5:33 of 2nd period - Stopped by Daniil Tarasov with a rebound.
5:35 of 2nd period - Slapshot by Ben Chiarot.
5:35 of 2nd period - Shot Blocked by Ryan O'Reilly.
5:37 of 2nd period - Wrist shot by Pius Suter.
5:37 of 2nd period - Nashville Predators goal is going for a video replay.
5:37 of 2nd period - The goal is refused. The net was displaced accidentally..
5:38 of 2nd period - Ryan Johansen wins face-off versus Tim Stutzle in Colorado Rockies zone.
5:41 of 2nd period - Snap shot by Tyson Foerster.
5:41 of 2nd period - Stopped by Daniil Tarasov without a rebound.
5:42 of 2nd period - Ryan Johansen wins face-off versus Tim Stutzle in Colorado Rockies zone.
5:45 of 2nd period - Wrist shot by Trevor Zegras.
5:45 of 2nd period - Stopped by Daniil Tarasov with a rebound.
5:47 of 2nd period - Minor Penalty to Vince Dunn for Hooking.
5:48 of 2nd period - Colton Sissons wins face-off versus Nikita Kucherov in Colorado Rockies zone.
5:51 of 2nd period - Wrist shot by Colton Sissons.
5:51 of 2nd period - Shot Misses the Net.
5:53 of 2nd period - Slapshot by Thomas Novak.
5:53 of 2nd period - Shot Hit the Post.
7:00 of 2nd period - Thomas Novak is hit by Nikita Zadorov and loses puck.
7:46 of 2nd period - Quinn Hughes is hit by Michael Carcone and loses puck.
7:47 of 2nd period - Penalty to Vince Dunn is over, Vince Dunn is back on ice.
7:57 of 2nd period - Brett Leason is hit by Victor Hedman and loses puck.
8:02 of 2nd period - Slapshot by Quinn Hughes.
8:02 of 2nd period - Stopped by Semyon Varlamov with a rebound.
8:08 of 2nd period - Snap shot by Evgeny Kuznetsov.
8:08 of 2nd period - Stopped by Semyon Varlamov with a rebound.
8:34 of 2nd period - Snap shot by Michael Bunting.
8:34 of 2nd period - Stopped by Semyon Varlamov with a rebound.
8:36 of 2nd period - Snap shot by Vince Dunn.
8:36 of 2nd period - Shot Blocked by Mattias Samuelsson.
8:38 of 2nd period - Snap shot by Nick Schmaltz.
8:38 of 2nd period - Shot Blocked by Trevor Zegras.
8:56 of 2nd period - Colton Sissons is hit by Ryan O'Reilly and loses puck.
9:13 of 2nd period - Icing by Nikita Zadorov.
9:14 of 2nd period - Thomas Novak wins face-off versus Kevin Hayes in Colorado Rockies zone.
9:40 of 2nd period - Snap shot by Pius Suter.
9:40 of 2nd period - Shot Misses the Net.
9:49 of 2nd period - Icing by Michael Bunting.
9:50 of 2nd period - Colton Sissons wins face-off versus Jesper Bratt in Colorado Rockies zone.
10:14 of 2nd period - Minor Penalty to Trevor Zegras for Tripping.
10:15 of 2nd period - Nick Bonino wins face-off versus Colton Sissons in Nashville Predators zone.
11:17 of 2nd period - Nick Bonino is hit by Alexander Wennberg and loses puck.
11:33 of 2nd period - Ben Chiarot is hit by Nikita Zadorov and loses puck.
12:14 of 2nd period - Penalty to Trevor Zegras is over, Trevor Zegras is back on ice.
12:30 of 2nd period - Snap shot by David Pastrnak.
12:30 of 2nd period - Stopped by Semyon Varlamov with a rebound.
12:32 of 2nd period - Wrist shot by Nick Bonino.
12:32 of 2nd period - Shot Misses the Net.
12:34 of 2nd period - Slapshot by Nikita Zadorov.
12:34 of 2nd period - Stopped by Semyon Varlamov with a rebound.
12:36 of 2nd period - Snap shot by David Pastrnak.
12:36 of 2nd period - Stopped by Semyon Varlamov without a rebound.
12:37 of 2nd period - Ryan O'Reilly wins face-off versus Colton Sissons in Nashville Predators zone.
12:46 of 2nd period - Snap shot by Nikita Kucherov.
12:46 of 2nd period - Stopped by Semyon Varlamov with a rebound.
12:50 of 2nd period - Snap shot by Nikita Kucherov.
12:50 of 2nd period - Shot Blocked by Mattias Samuelsson.
12:52 of 2nd period - Slapshot by Martin Fehervary.
12:52 of 2nd period - Shot Blocked by Colton Sissons.
12:54 of 2nd period - Snap shot by Kyle Palmieri.
12:54 of 2nd period - Shot Misses the Net.
13:52 of 2nd period - Snap shot by Jack Drury.
13:52 of 2nd period - Shot Blocked by Jesper Bratt.
13:54 of 2nd period - Wrist shot by Alexander Wennberg.
13:54 of 2nd period - Shot Blocked by Quinn Hughes.
13:56 of 2nd period - Snap shot by Jack Drury.
13:56 of 2nd period - Shot Misses the Net.
13:58 of 2nd period - Slapshot by Mattias Samuelsson.
13:58 of 2nd period - Shot Misses the Net.
14:08 of 2nd period - Quinn Hughes is hit by Tyson Foerster and loses puck.
14:25 of 2nd period - Jack Drury is hit by Nikita Kucherov and loses puck.
15:52 of 2nd period - Vince Dunn is hit by Brandon Montour and loses puck.
16:10 of 2nd period - Pius Suter is hit by Ryan O'Reilly and loses puck.
16:17 of 2nd period - Minor Penalty to Ben Chiarot for Tripping.
16:18 of 2nd period - Colton Sissons wins face-off versus Ryan O'Reilly in Nashville Predators zone.
16:24 of 2nd period - Icing by Victor Hedman.
16:25 of 2nd period - Colton Sissons wins face-off versus Ryan O'Reilly in Colorado Rockies zone.
16:26 of 2nd period - Snap shot by Alexander Wennberg.
16:26 of 2nd period - Shot Misses the Net.
16:56 of 2nd period - Backhand shot by Nikita Kucherov.
16:56 of 2nd period - Shot Misses the Net.
16:58 of 2nd period - Slapshot by Nikita Zadorov.
16:58 of 2nd period - Deflect By Jesper Bratt.
16:58 of 2nd period - Goal by Jesper Bratt - Colorado Rockies : 2 - Nashville Predators : 0.
16:59 of 2nd period - Tim Stutzle wins face-off versus Ryan Johansen in neutral zone.
17:10 of 2nd period - Off-side.
17:11 of 2nd period - Ryan Johansen wins face-off versus Tim Stutzle in neutral zone.
17:42 of 2nd period - Minor Penalty to Mattias Samuelsson for Interference.
17:43 of 2nd period - Colton Sissons wins face-off versus Ryan O'Reilly in Nashville Predators zone.
17:56 of 2nd period - Wrist shot by Jesper Bratt.
17:56 of 2nd period - Stopped by Semyon Varlamov with a rebound.
17:58 of 2nd period - Slapshot by Quinn Hughes.
17:58 of 2nd period - Shot Misses the Net.
18:00 of 2nd period - Slapshot by Vince Dunn.
18:00 of 2nd period - Goal by Vince Dunn - Colorado Rockies : 3 - Nashville Predators : 0.
18:01 of 2nd period - Tyson Foerster wins face-off versus Tim Stutzle in neutral zone.
18:09 of 2nd period - Snap shot by Kyle Connor.
18:09 of 2nd period - Stopped by Semyon Varlamov with a rebound.
18:27 of 2nd period - Victor Hedman is hit by Ben Chiarot and loses puck.
19:08 of 2nd period - Snap shot by Alexander Wennberg.
19:08 of 2nd period - Shot Misses the Net.
19:10 of 2nd period - Slapshot by Brett Leason.
19:10 of 2nd period - Goal by Brett Leason - Colorado Rockies : 3 - Nashville Predators : 1.
19:11 of 2nd period - Ryan Johansen wins face-off versus Tim Stutzle in neutral zone.
Goals for this period are 2 for Colorado Rockies vs 1 for Nashville Predators.
Shots for this period are 13 for Colorado Rockies vs 9 for Nashville Predators.
3rd period
0:01 of 3rd period - Tim Stutzle wins face-off versus Thomas Novak in neutral zone.
0:27 of 3rd period - Leo Carlsson is hit by Michael Bunting and loses puck.
0:34 of 3rd period - Slapshot by Brandon Montour.
0:34 of 3rd period - Stopped by Daniil Tarasov with a rebound.
0:56 of 3rd period - Nikita Zadorov is hit by Brandon Montour and loses puck.
1:11 of 3rd period - Snap shot by Kyle Palmieri.
1:11 of 3rd period - Stopped by Semyon Varlamov with a rebound.
1:13 of 3rd period - Slapshot by Victor Hedman.
1:13 of 3rd period - Stopped by Semyon Varlamov with a rebound.
1:15 of 3rd period - Wrist shot by Ryan O'Reilly.
1:15 of 3rd period - Stopped by Semyon Varlamov with a rebound.
1:17 of 3rd period - Slapshot by Victor Hedman.
1:17 of 3rd period - Stopped by Semyon Varlamov with a rebound.
1:26 of 3rd period - Wrist shot by Ryan O'Reilly.
1:26 of 3rd period - Goal by Ryan O'Reilly - Colorado Rockies : 4 - Nashville Predators : 1.
1:27 of 3rd period - Colton Sissons wins face-off versus Tim Stutzle in neutral zone.
2:20 of 3rd period - Minor Penalty to Brandon Montour for Tripping.
2:21 of 3rd period - Colton Sissons wins face-off versus Ryan O'Reilly in Nashville Predators zone.
4:20 of 3rd period - Penalty to Brandon Montour is over, Brandon Montour is back on ice.
4:21 of 3rd period - Pius Suter is hit by Kyle Connor and loses puck.
4:27 of 3rd period - Icing by Brandon Montour.
4:28 of 3rd period - Pius Suter wins face-off versus Nick Schmaltz in Nashville Predators zone.
4:43 of 3rd period - Snap shot by Brandon Montour.
4:43 of 3rd period - Stopped by Daniil Tarasov with a rebound.
4:51 of 3rd period - Wrist shot by Brandon Montour.
4:51 of 3rd period - Shot Blocked by Nikita Kucherov.
4:53 of 3rd period - Slapshot by Brandon Montour.
4:53 of 3rd period - Shot Misses the Net.
4:55 of 3rd period - Slapshot by Brandon Montour.
4:55 of 3rd period - Stopped by Daniil Tarasov without a rebound.
4:56 of 3rd period - Jack Drury wins face-off versus Ryan O'Reilly in Colorado Rockies zone.
4:57 of 3rd period - Snap shot by Brett Leason.
4:57 of 3rd period - Deflect By Alexander Wennberg.
4:57 of 3rd period - Shot Misses the Net.
4:57 of 3rd period - Puck is out of play.
4:58 of 3rd period - Tim Stutzle wins face-off versus Jack Drury in Colorado Rockies zone.
5:03 of 3rd period - Wrist shot by Kyle Connor.
5:03 of 3rd period - Stopped by Semyon Varlamov with a rebound.
5:05 of 3rd period - Wrist shot by Kyle Connor.
5:05 of 3rd period - Shot Misses the Net.
5:07 of 3rd period - Slapshot by Martin Fehervary.
5:07 of 3rd period - Stopped by Semyon Varlamov with a rebound.
5:09 of 3rd period - Slapshot by Martin Fehervary.
5:09 of 3rd period - Shot Misses the Net.
5:11 of 3rd period - Slapshot by Quinn Hughes.
5:11 of 3rd period - Shot Misses the Net.
5:13 of 3rd period - Wrist shot by Kyle Connor.
5:13 of 3rd period - Shot Misses the Net.
5:15 of 3rd period - Slapshot by Quinn Hughes.
5:15 of 3rd period - Stopped by Semyon Varlamov without a rebound.
5:16 of 3rd period - Thomas Novak wins face-off versus Nick Schmaltz in Nashville Predators zone.
5:29 of 3rd period - Wrist shot by Pius Suter.
5:29 of 3rd period - Stopped by Daniil Tarasov with a rebound.
5:31 of 3rd period - Slapshot by Ben Chiarot.
5:31 of 3rd period - Stopped by Daniil Tarasov with a rebound.
6:19 of 3rd period - Minor Penalty to Mattias Samuelsson for Tripping.
6:20 of 3rd period - Colton Sissons wins face-off versus Jesper Bratt in Nashville Predators zone.
6:52 of 3rd period - Alexander Wennberg is hit by Victor Hedman and loses puck.
7:19 of 3rd period - Wrist shot by Kyle Connor.
7:19 of 3rd period - Stopped by Semyon Varlamov without a rebound.
7:20 of 3rd period - Ryan O'Reilly wins face-off versus Thomas Novak in Nashville Predators zone.
8:19 of 3rd period - Penalty to Mattias Samuelsson is over, Mattias Samuelsson is back on ice.
8:34 of 3rd period - Wrist shot by Trevor Zegras.
8:34 of 3rd period - Deflect By Victor Hedman.
8:34 of 3rd period - Goal by Trevor Zegras - Colorado Rockies : 4 - Nashville Predators : 2.
8:35 of 3rd period - Thomas Novak wins face-off versus Tim Stutzle in neutral zone.
8:40 of 3rd period - Wrist shot by Pius Suter.
8:40 of 3rd period - Stopped by Daniil Tarasov with a rebound.
8:42 of 3rd period - Slapshot by Michael Carcone.
8:42 of 3rd period - Deflect By Thomas Novak.
8:42 of 3rd period - Shot Blocked by Quinn Hughes.
8:42 of 3rd period - Puck is out of play.
8:43 of 3rd period - Thomas Novak wins face-off versus Tim Stutzle in Colorado Rockies zone.
8:44 of 3rd period - Wrist shot by Pius Suter.
8:44 of 3rd period - Stopped by Daniil Tarasov with a rebound.
8:46 of 3rd period - Snap shot by Thomas Novak.
8:46 of 3rd period - Stopped by Daniil Tarasov with a rebound.
8:48 of 3rd period - Wrist shot by Thomas Novak.
8:48 of 3rd period - Goal by Thomas Novak - Colorado Rockies : 4 - Nashville Predators : 3.
8:49 of 3rd period - Thomas Novak wins face-off versus David Pastrnak in neutral zone.
9:19 of 3rd period - Minor Penalty to Trevor Zegras for Tripping.
9:20 of 3rd period - Nikita Kucherov wins face-off versus Colton Sissons in Nashville Predators zone.
10:08 of 3rd period - Ben Chiarot is hit by Nikita Zadorov and loses puck.
10:49 of 3rd period - Jesper Bratt is hit by Artem Zub and loses puck.
11:19 of 3rd period - Penalty to Trevor Zegras is over, Trevor Zegras is back on ice.
12:13 of 3rd period - Snap shot by Brandon Montour.
12:13 of 3rd period - Deflect By David Pastrnak.
12:13 of 3rd period - Stopped by Daniil Tarasov without a rebound.
12:14 of 3rd period - Ryan Johansen wins face-off versus Tim Stutzle in Colorado Rockies zone.
12:49 of 3rd period - Vince Dunn is hit by Pius Suter and loses puck.
12:54 of 3rd period - Snap shot by Thomas Novak.
12:54 of 3rd period - Stopped by Daniil Tarasov with a rebound.
12:56 of 3rd period - Wrist shot by Pius Suter.
12:56 of 3rd period - Shot Misses the Net.
12:58 of 3rd period - Snap shot by Michael Carcone.
12:58 of 3rd period - Stopped by Daniil Tarasov with a rebound.
13:12 of 3rd period - Ryan O'Reilly is hit by Simon Benoit and loses puck.
13:17 of 3rd period - Wrist shot by Trevor Zegras.
13:17 of 3rd period - Shot Blocked by Vince Dunn.
13:38 of 3rd period - Snap shot by Tim Stutzle.
13:38 of 3rd period - Shot Misses the Net.
13:44 of 3rd period - Victor Hedman is hit by Mattias Samuelsson and loses puck.
13:55 of 3rd period - Snap shot by Leo Carlsson.
13:55 of 3rd period - Stopped by Daniil Tarasov with a rebound.
13:57 of 3rd period - Snap shot by Brandon Montour.
13:57 of 3rd period - Stopped by Daniil Tarasov with a rebound.
13:59 of 3rd period - Wrist shot by Leo Carlsson.
13:59 of 3rd period - Goal by Leo Carlsson - Colorado Rockies : 4 - Nashville Predators : 4.
14:00 of 3rd period - Ryan O'Reilly wins face-off versus Jack Drury in neutral zone.
14:07 of 3rd period - Artem Zub is hit by Kyle Palmieri.
14:11 of 3rd period - Snap shot by Nikita Kucherov.
14:11 of 3rd period - Goal by Nikita Kucherov - Colorado Rockies : 5 - Nashville Predators : 4.
14:12 of 3rd period - Tim Stutzle wins face-off versus Thomas Novak in neutral zone.
14:37 of 3rd period - Jack Drury is hit by Kyle Palmieri and loses puck.
15:02 of 3rd period - Wrist shot by Nick Schmaltz.
15:02 of 3rd period - Stopped by Semyon Varlamov with a rebound.
15:04 of 3rd period - Snap shot by Quinn Hughes.
15:04 of 3rd period - Stopped by Semyon Varlamov without a rebound.
15:05 of 3rd period - Thomas Novak wins face-off versus Nick Schmaltz in Nashville Predators zone.
15:57 of 3rd period - Wrist shot by Ryan O'Reilly.
15:57 of 3rd period - Shot Misses the Net.
16:23 of 3rd period - Tyson Foerster is hit by Vince Dunn and loses puck.
16:40 of 3rd period - Wrist shot by Michael Bunting.
16:40 of 3rd period - Stopped by Semyon Varlamov without a rebound.
16:41 of 3rd period - Jack Drury wins face-off versus Nick Schmaltz in Nashville Predators zone.
16:52 of 3rd period - Slapshot by Jack Drury.
16:52 of 3rd period - Shot Misses the Net.
16:54 of 3rd period - Wrist shot by Jack Drury.
16:54 of 3rd period - Goal by Jack Drury - Colorado Rockies : 5 - Nashville Predators : 5.
16:55 of 3rd period - Thomas Novak wins face-off versus Nick Schmaltz in neutral zone.
17:00 of 3rd period - Snap shot by Thomas Novak.
17:00 of 3rd period - Stopped by Daniil Tarasov with a rebound.
17:10 of 3rd period - Snap shot by Thomas Novak.
17:10 of 3rd period - Deflect By Pius Suter.
17:10 of 3rd period - Shot Blocked by Martin Fehervary.
17:10 of 3rd period - Puck is out of play.
17:11 of 3rd period - Jack Drury wins face-off versus Kevin Hayes in Colorado Rockies zone.
17:16 of 3rd period - Snap shot by Alexander Wennberg.
17:16 of 3rd period - Stopped by Daniil Tarasov without a rebound.
17:17 of 3rd period - Jack Drury wins face-off versus Kevin Hayes in Colorado Rockies zone.
17:18 of 3rd period - Snap shot by Alexander Wennberg.
17:18 of 3rd period - Stopped by Daniil Tarasov with a rebound.
17:26 of 3rd period - Slapshot by Victor Hedman.
17:26 of 3rd period - Shot Blocked by Artem Zub.
18:23 of 3rd period - Slapshot by Nikita Zadorov.
18:23 of 3rd period - Shot Blocked by Ben Chiarot.
19:09 of 3rd period - Snap shot by Nick Schmaltz.
19:09 of 3rd period - Shot Blocked by Pius Suter.
19:16 of 3rd period - Off-side.
19:17 of 3rd period - Kevin Hayes wins face-off versus Jack Drury in neutral zone.
19:26 of 3rd period - Snap shot by Quinn Hughes.
19:26 of 3rd period - Stopped by Semyon Varlamov with a rebound.
19:58 of 3rd period - Snap shot by Jack Drury.
19:58 of 3rd period - Shot Misses the Net.
Goals for this period are 2 for Colorado Rockies vs 4 for Nashville Predators.
Shots for this period are 14 for Colorado Rockies vs 20 for Nashville Predators.
Overtime #1
0:01 of 1st overtime period - Ryan O'Reilly wins face-off versus Tyson Foerster in neutral zone.
0:04 of 1st overtime period - Tyson Foerster is hit by David Pastrnak and loses puck.
2:06 of 1st overtime period - Brandon Montour is hit by Quinn Hughes and loses puck.
2:24 of 1st overtime period - Icing by Brandon Montour.
2:25 of 1st overtime period - Nick Schmaltz wins face-off versus Colton Sissons in Nashville Predators zone.
2:58 of 1st overtime period - Slapshot by Colton Sissons.
2:58 of 1st overtime period - Deflect By Leo Carlsson.
2:58 of 1st overtime period - Shot Misses the Net.
2:58 of 1st overtime period - Puck is out of play.
2:59 of 1st overtime period - Tyson Foerster wins face-off versus Ryan O'Reilly in Colorado Rockies zone.
4:06 of 1st overtime period - Artem Zub is hit by Nick Bonino and loses puck.
4:35 of 1st overtime period - Artem Zub is hit by Nikita Zadorov and loses puck.
Goals for this period are 0 for Colorado Rockies vs 0 for Nashville Predators.
Shots for this period are 0 for Colorado Rockies vs 0 for Nashville Predators.
ShootOut
5:00 of 1st overtime period - Round #1.
5:00 of 1st overtime period - Colorado Rockies, Nikita Kucherov.
5:00 of 1st overtime period - Deke by Nikita Kucherov.
5:00 of 1st overtime period - Stopped by Semyon Varlamov.
5:00 of 1st overtime period - Nashville Predators, Leo Carlsson.
5:00 of 1st overtime period - Backhand shot by Leo Carlsson.
5:00 of 1st overtime period - Stopped by Daniil Tarasov.
5:00 of 1st overtime period - Round #2.
5:00 of 1st overtime period - Colorado Rockies, David Pastrnak.
5:00 of 1st overtime period - Snap shot by David Pastrnak.
5:00 of 1st overtime period - Stopped by Semyon Varlamov.
5:00 of 1st overtime period - Nashville Predators, Trevor Zegras.
5:00 of 1st overtime period - Deke by Trevor Zegras.
5:00 of 1st overtime period - Shot Misses the Net.
5:00 of 1st overtime period - Round #3.
5:00 of 1st overtime period - Colorado Rockies, Nick Bonino.
5:00 of 1st overtime period - Backhand shot by Nick Bonino.
5:00 of 1st overtime period - Stopped by Semyon Varlamov.
5:00 of 1st overtime period - Nashville Predators, Tyson Foerster.
5:00 of 1st overtime period - Deke by Tyson Foerster.
5:00 of 1st overtime period - Shot Misses the Net.
5:00 of 1st overtime period - Round #4.
5:00 of 1st overtime period - Colorado Rockies, Jesper Bratt.
5:00 of 1st overtime period - Snap shot by Jesper Bratt.
5:00 of 1st overtime period - Stopped by Semyon Varlamov.
5:00 of 1st overtime period - Nashville Predators, Pius Suter.
5:00 of 1st overtime period - Wrist shot by Pius Suter.
5:00 of 1st overtime period - Goal by Pius Suter.
Back to the Top